 Dungeon Crawl Stone Soup version 0.29-a0-383-g8b6f518c11 (webtiles) character file.

Game seed: 6207375705892596991

1049 Bruhh the Chiller (level 8, 0/58 HPs)
             Began as a Gnoll Ice Elementalist on May 6, 2022.
             Killed from afar by a white imp (4 damage)
             ... with a puff of frost
             ... on level 5 of the Dungeon.
             The game lasted 00:09:39 (5139 turns).

Bruhh the Chiller (Gnoll Ice Elementalist)          Turns: 5139, Time: 00:09:40

Health: 0/58       AC:  5    Str:  6 (8)  XL:     8   Next: 25%
Magic:  8/16       EV: 13    Int: 16 (17) God:
Gold:   269        SH:  0    Dex: 10 (12) Spells: 11/18 levels left

rFire   . . .      SeeInvis .   j - +0 dagger (drain)
rCold   . . .      Faith    .   (no shield)
rNeg    . . .      Spirit   .   h - +0 steam dragon scales
rPois   .          Reflect  .   (no helmet)
rElec   .          Harm     .   (no cloak)
rCorr   .          Rampage  .   (no gloves)
Will    .....                   (no boots)
Stlth   +++.......              (no amulet)
HPRegen 0.19/turn               (no ring)
MPRegen 0.15/turn               (no ring)

@: mighty
A: fangs 1, strong nose, distributed training
a: no special abilities


You were on level 5 of the Dungeon.
You visited 1 branch of the dungeon, and saw 6 of its levels.

You collected 269 gold pieces.

Inventory:

Hand Weapons
 j - a +0 dagger of draining (weapon)
Missiles
 k - a throwing net
Armour
 a - a +1 robe
 h - +0 steam dragon scales (worn)
Magical Staves
 n - a staff of conjuration
Jewellery
 e - a ring of ice
 l - a ring of poison resistance
Scrolls
 c - 3 scrolls of identify
 d - 3 scrolls of vulnerability
 i - a scroll of amnesia {unknown}
 p - 2 scrolls of teleportation {unknown}
 s - a scroll of fog {unknown}
Potions
 b - a potion of magic
 g - a potion of berserk rage {unknown}
 q - a potion of curing {unknown}


   Skills:
 + Level 3.1 Fighting
 + Level 3.1 Short Blades
 + Level 3.1 Long Blades
 + Level 3.1 Axes
 + Level 3.1 Maces & Flails
 + Level 3.1 Polearms
 + Level 3.1 Staves
 + Level 3.1 Slings
 + Level 3.1 Bows
 + Level 3.1 Crossbows
 + Level 3.1 Throwing
 + Level 3.1 Armour
 + Level 5.6 Dodging
 + Level 5.2 Stealth
 + Level 3.1 Shields
 + Level 3.1 Unarmed Combat
 + Level 5.9 Spellcasting
 + Level 2.5 Conjurations
 + Level 2.5 Hexes
 + Level 2.5 Summonings
 + Level 2.5 Necromancy
 + Level 2.5 Translocations
 + Level 2.5 Transmutations
 + Level 2.5 Fire Magic
 + Level 7.6 Ice Magic
 + Level 2.5 Air Magic
 + Level 2.5 Earth Magic
 + Level 2.5 Poison Magic
 + Level 3.4 Invocations
 + Level 3.1 Evocations


You had 11 spell levels left.
You knew the following spells:

 Your Spells              Type           Power      Damage    Failure   Level
a - Freeze                Ice            100%       1d11      1%          1
b - Frozen Ramparts       Ice            58%        1d7       1%          3
c - Ozocubu's Armour      Ice            29%        N/A       1%          3

Your spell library contained the following spells:

 Spells                   Type           Power      Damage    Failure   Level
 Stone Arrow              Conj/Erth      24%        3d8       14%         3
 Hailstorm                Conj/Ice       20%        3d6       17%         4
 Animate Armour           Summ/Erth      24%        N/A       43%         4
 Malign Gateway           Summ/Tloc      6%         N/A       100%        7
 Lehudib's Crystal Spear  Conj/Erth      6%         10d3      100%        8
 Summon Horrible Things   Summ           6%         N/A       100%        8


Dungeon Overview and Level Annotations

Branches:
Dungeon (6/15)
 Temple: D:4-7

Altars:
Yredelemnul

Annotations:
D:6 Eustachio


Innate Abilities, Weirdness & Mutations

You have very sharp teeth.
Your uncanny sense of smell can sniff out nearby items.
Your experience applies equally to all skills.


Message History

Eustachio gestures wildly while chanting.
Eustachio blinks!
The bat barely misses you.
You climb upwards.
There is a stone staircase leading down here.
Casting: Freeze (safe; 1% risk of failure)
Confirm with . or Enter, or press ? or * to list all spells.
A film of ice covers your body! The white imp hits you.
* * * LOW HITPOINT WARNING * * *
The white imp freezes you.
* * * LOW HITPOINT WARNING * * *
Unknown command.
You barely miss the white imp.
The white imp is lightly wounded.
The white imp barely misses you.
You closely miss the white imp.
The white imp is lightly wounded.
The white imp gestures at you. The puff of frost misses you.
You barely miss the white imp.
The white imp is lightly wounded.
The white imp barely misses you.
You hit the white imp but do no damage.
The white imp is lightly wounded.
It was a potion of attraction.
You feel attractive to monsters. The white imp barely misses you.
Unknown command.
It was a potion of cancellation.
Your magical effects are unravelling.
You feel magically purged.
Your icy armour evaporates.
The white imp misses you.
You feel less attractive to monsters.
It was a potion of might.
You feel very mighty all of a sudden. The white imp closely misses you.
You hit the white imp.
The white imp is moderately wounded.
The white imp gestures at you. The puff of frost hits you.
You die...

#............##
##.........###
##...........####
................##
..........##^....#####
.........###.....#.#.##
#........###..........##
#.........##.##........#
..........#.....@5.....#
......##......##[.....##
......##...####.......#
....#####............##
.....####...#.#......#
.....#......##.....###
.#.....#..........##
##.....#####.##....###
##....#####...#..<##.##


You could see a white imp.

Vanquished Creatures
  A steam dragon (D:4)
  2 ice beasts (D:5)
  A black bear (D:4)
  A bullfrog (D:6)
  A scorpion (D:3)
  2 jellies (D:2)
  5 hounds
  An orc priest (D:3)
  3 iguanas
  A scorpion zombie (D:4)
  Robin (D:3)
  6 adders
  An ufetubus (D:5)
  3 adder zombies (D:4)
  2 worms
  2 dart slugs
  7 orcs
  13 endoplasms
  2 giant cockroaches (D:1)
  14 goblins
  5 hobgoblins
  3 jackals (D:2)
  11 kobolds
  2 quokkas (D:2)
  7 ball pythons
  3 bats
  4 frilled lizards
  6 rats
110 creatures vanquished.

Vanquished Creatures (others)
  A fungus (D:2)
  5 toadstools (D:2)
6 creatures vanquished.

Grand Total: 116 creatures vanquished

Notes
Turn   | Place    | Note
-------+----------+-------------------------------------------
     0 | D:1      | Bruhh the Gnoll Ice Elementalist began the quest for the
                  | Orb.
     0 | D:1      | Reached XP level 1. HP: 13/13 MP: 6/6
    97 | D:1      | Reached XP level 2. HP: 17/19 MP: 2/7
   701 | D:1      | Found a faded altar of an unknown god.
  1142 | D:2      | Reached XP level 3. HP: 24/25 MP: 6/9
  1144 | D:2      | Reached skill level 5 in Spellcasting
  1254 | D:2      | Learned a level 3 spell: Frozen Ramparts
  1258 | D:2      | Learned a level 3 spell: Ozocubu's Armour
  1324 | D:2      | Reached skill level 1 in Invocations
  1482 | D:2      | Reached skill level 1 in Fighting
  1482 | D:2      | Reached skill level 1 in Short Blades
  1482 | D:2      | Reached skill level 1 in Long Blades
  1482 | D:2      | Reached skill level 1 in Axes
  1482 | D:2      | Reached skill level 1 in Maces & Flails
  1482 | D:2      | Reached skill level 1 in Polearms
  1482 | D:2      | Reached skill level 1 in Staves
  1482 | D:2      | Reached skill level 1 in Slings
  1482 | D:2      | Reached skill level 1 in Bows
  1482 | D:2      | Reached skill level 1 in Crossbows
  1482 | D:2      | Reached skill level 1 in Throwing
  1482 | D:2      | Reached skill level 1 in Armour
  1482 | D:2      | Reached skill level 1 in Shields
  1482 | D:2      | Reached skill level 1 in Unarmed Combat
  1482 | D:2      | Reached skill level 1 in Evocations
  1595 | D:2      | Reached skill level 1 in Conjurations
  1595 | D:2      | Reached skill level 1 in Hexes
  1595 | D:2      | Reached skill level 1 in Summonings
  1595 | D:2      | Reached skill level 1 in Necromancy
  1595 | D:2      | Reached skill level 1 in Translocations
  1595 | D:2      | Reached skill level 1 in Transmutations
  1595 | D:2      | Reached skill level 1 in Fire Magic
  1595 | D:2      | Reached skill level 1 in Air Magic
  1595 | D:2      | Reached skill level 1 in Earth Magic
  1595 | D:2      | Reached skill level 1 in Poison Magic
  1595 | D:2      | Reached XP level 4. HP: 26/32 MP: 2/11
  1602 | D:2      | Reached XP level 5. HP: 11/37 MP: 0/12
  2600 | D:3      | Reached XP level 6. HP: 21/44 MP: 6/13
  2837 | D:3      | Noticed Robin
  2849 | D:3      | Killed Robin
  3067 | D:3      | Reached skill level 5 in Dodging
  3278 | D:3      | You fall into a shaft and drop 2 floors!
  3278 | D:5      | Entered Level 5 of the Dungeon
  3403 | D:4      | Noticed a black bear
  3693 | D:4      | Killed a black bear
  3694 | D:4      | Reached XP level 7. HP: 43/50 MP: 9/15
  3823 | D:4      | Found a basalt altar of Yredelemnul.
  4032 | D:4      | Noticed a steam dragon
  4041 | D:4      | Killed a steam dragon
  4319 | D:5      | Reached skill level 5 in Stealth
  4740 | D:5      | Reached XP level 8. HP: 53/57 MP: 13/16
  5095 | D:6      | Noticed Eustachio
  5139 | D:5      | Killed from afar by a white imp

Illustrated notes

Levels and vault maps discovered:
D:1:      erik_arrival_orb_chamber, layout_loops_ring,
          shapermc_ecumenical_altar_mp_highgroup
D:2:      cheibrodos_fertilizer, layout_loops_corners,
          kennysheep_generic_room_14
D:3:      minmay_bubble_buster, layout_basic, uniq_robin
D:4:      layout_basic, nicolae_yredelemnul_corpse_copse
D:5:      layout_cave_pools
D:6:      layout_loops_cross, minmay_temple_entry_stoned_glass, serial_rivers,
          chequers_serial_rivers_large_a, chequers_serial_rivers_small_a,
          chequers_serial_rivers_marsh, chequers_serial_rivers_room_a,
          chequers_serial_rivers_micro_c, chequers_serial_rivers_micro_e,
          minmay_fractal_squares_gapless_5, uniq_eustachio

Skill      XL: |  1  2  3  4  5  6  7  8 |
---------------+-------------------------+-----
Spellcasting   | 5 |  5.9
Invocations    | 1 2 3 |  3.4
Fighting       | 1 2 3 |  3.1
Short Blades   | 1 2 3 |  3.1
Long Blades    | 1 2 3 |  3.1
Axes           | 1 2 3 |  3.1
Maces & Flails | 1 2 3 |  3.1
Polearms       | 1 2 3 |  3.1
Staves         | 1 2 3 |  3.1
Slings         | 1 2 3 |  3.1
Bows           | 1 2 3 |  3.1
Crossbows      | 1 2 3 |  3.1
Throwing       | 1 2 3 |  3.1
Armour         | 1 2 3 |  3.1
Shields        | 1 2 3 |  3.1
Unarmed Combat | 1 2 3 |  3.1
Evocations     | 1 2 3 |  3.1
Conjurations   | 1 2 |  2.5
Hexes          | 1 2 |  2.5
Summonings     | 1 2 |  2.5
Necromancy     | 1 2 |  2.5
Translocations | 1 2 |  2.5
Transmutations | 1 2 |  2.5
Fire Magic     | 1 2 |  2.5
Air Magic      | 1 2 |  2.5
Earth Magic    | 1 2 |  2.5
Poison Magic   | 1 2 |  2.5
Dodging        | 5 |  5.6
Stealth        | 5 |  5.2
Ice Magic      | |  7.6

Action                   |  1- 3 |  4- 6 |  7- 9 || total
-------------------------+-------+-------+-------++-------
Melee: Unarmed           |     8 |       |       ||     8
       Bite              |     2 |     5 |    17 ||    24
       Dagger            |     2 |    34 |   133 ||   169
       Punch             |       |       |     4 ||     4
 Cast: Freeze            |    48 |    44 |    22 ||   114
       Frozen Ramparts   |     2 |     5 |     2 ||     9
       Ozocubu's Armour  |     2 |     5 |     5 ||    12
  Use: Scroll            |       |     4 |       ||     4
       Potion            |       |     1 |     4 ||     5
 Stab: Sleeping          |       |       |     2 ||     2
Armor: Robe              |     8 |    33 |     9 ||    50
       Steam dragon scal |       |       |    57 ||    57
Dodge: Dodged            |    33 |    66 |   146 ||   245

Table legend: (Time is in decaauts)
 A = Elapsed time spent in this place.
 B = Non-inter-level travel time spent in this place.
 C = Inter-level travel time spent in this place.
 D = Time resting spent in this place.
 E = Time spent auto-exploring this place.
 F = Levels seen in this place.
 G = Mean time per level.
                   A        B        C        D        E       F      G
               +--------+--------+--------+--------+--------+-----+--------+
         Total |   5099 |   5058 |     41 |      0 |   4246 |   6 |  849.8 |
       Dungeon |   5099 |   5058 |     41 |      0 |   4246 |   6 |  849.8 |
               +--------+--------+--------+--------+--------+-----+--------+

Top non-repeatable levels by time:
     D:2: 1697 daAuts
     D:4: 915 daAuts
     D:1: 883 daAuts
     D:5: 875 daAuts
     D:3: 695 daAuts
     D:6: 32 daAuts
